| TOP OF THE 1ST |
|
Delmarva Shorebirds batting - Pitching for Lake County Captains : RHP Nesty Pulido
|
|
Pitching: RHP Nesty Pulido
|
|
|
Batting: RHB Kevin Popowicz
|
0-0: Called Strike 0-1: Called Strike 0-2: Ball 1-2: Strikes out swinging
|
|
Batting: LHB Pat Fontana
|
0-0: Ball 1-0: Fly out, F8 (Line Drive, 78M, EV 95.0 MPH)
|
|
Batting: RHB Maup Gommers
|
0-0: Called Strike 0-1: Swinging Strike 0-2: Ball 1-2: Ball 2-2: Strikes out swinging
|
| Top of the 1st over - 0 runs, 0 hits, 0 errors, 0 left on base; Delmarva 0 - Lake County 0 |
| BOTTOM OF THE 1ST |
|
Lake County Captains batting - Pitching for Delmarva Shorebirds : RHP Steve Webb
|
|
Pitching: RHP Steve Webb
|
|
|
Batting: LHB Frank Hill
|
0-0: Ball 1-0: Ground out 5-3 (Groundball, 56, EV 83.1 MPH)
|
|
Batting: RHB Josh Patterson
|
0-0: Called Strike 0-1: Ball 1-1: Ball 2-1: Called Strike 2-2: Fly out, F7 (Line Drive, 78M, EV 93.1 MPH)
|
|
Batting: LHB Esteban Cordova
|
0-0: Foul Ball, location: 2F 0-1: Ball 1-1: Ball 2-1: Called Strike 2-2: Ball 3-2: Strikes out swinging
|
| Bottom of the 1st over - 0 runs, 0 hits, 0 errors, 0 left on base; Delmarva 0 - Lake County 0 |
| TOP OF THE 2ND |
|
Delmarva Shorebirds batting - Pitching for Lake County Captains : RHP Nesty Pulido
|
|
Batting: SHB Carlos Carrillo
|
0-0: Called Strike 0-1: Ball 1-1: Called Strike 1-2: Strikes out swinging
|
|
Batting: LHB Sam Williams
|
0-0: Called Strike 0-1: Ground out 4-3 (Groundball, 34, EV 91.9 MPH)
|
|
Batting: RHB Ethan Finke
|
0-0: Ball 1-0: Foul Ball, location: 2F 1-1: Ball 2-1: Ball 3-1: Called Strike 3-2: Strikes out swinging
|
| Top of the 2nd over - 0 runs, 0 hits, 0 errors, 0 left on base; Delmarva 0 - Lake County 0 |
| BOTTOM OF THE 2ND |
|
Lake County Captains batting - Pitching for Delmarva Shorebirds : RHP Steve Webb
|
|
Batting: LHB Jeff Palmowski
|
0-0: Ground out 5-3 (Groundball, 5, EV 91.9 MPH)
|
|
Batting: RHB Jose Valtierra
|
0-0: Swinging Strike 0-1: Ball 1-1: Ball 2-1: Swinging Strike 2-2: Foul Ball, location: 2F 2-2: Strikes out swinging
|
|
Batting: RHB Willie Gonzales
|
0-0: Ball 1-0: DOUBLE (Line Drive, 89M, EV 94.4 MPH)
|
|
Batting: RHB Patrick Pinault
|
0-0: Foul Ball, location: 2F 0-1: Ball 1-1: Foul Ball, location: 2F 1-2: Strikes out looking
|
| Bottom of the 2nd over - 0 runs, 1 hit, 0 errors, 1 left on base; Delmarva 0 - Lake County 0 |
| TOP OF THE 3RD |
|
Delmarva Shorebirds batting - Pitching for Lake County Captains : RHP Nesty Pulido
|
|
Batting: LHB Vinny Rivera
|
0-0: Foul Ball, location: 2F 0-1: Ball 1-1: Called Strike 1-2: Strikes out looking
|
|
Batting: RHB Minoru Matsumoto
|
0-0: Foul Ball, location: 2F 0-1: Called Strike 0-2: Strikes out looking
|
|
Batting: RHB Carlos Teniente
|
0-0: Called Strike 0-1: Ball 1-1: Ball 2-1: Ground out 5-3 (Groundball, 5, EV 83.1 MPH)
|
| Top of the 3rd over - 0 runs, 0 hits, 0 errors, 0 left on base; Delmarva 0 - Lake County 0 |
| BOTTOM OF THE 3RD |
|
Lake County Captains batting - Pitching for Delmarva Shorebirds : RHP Steve Webb
|
|
Batting: RHB Justin Young
|
0-0: Foul Ball, location: 2F 0-1: Ball 1-1: Foul Ball, location: 2F 1-2: Foul Ball, location: 2F 1-2: Foul Ball, location: 2F 1-2: Strikes out swinging
|
|
Batting: RHB Juan Ordonez
|
0-0: Ball 1-0: Ball 2-0: Called Strike 2-1: Ground out U3 (Groundball, 3, EV 86.9 MPH)
|
|
Batting: LHB Frank Hill
|
0-0: Called Strike 0-1: Ball 1-1: Ground out 4-3 (Groundball, 4, EV 80.6 MPH)
|
| Bottom of the 3rd over - 0 runs, 0 hits, 0 errors, 0 left on base; Delmarva 0 - Lake County 0 |
| TOP OF THE 4TH |
|
Delmarva Shorebirds batting - Pitching for Lake County Captains : RHP Nesty Pulido
|
|
Batting: RHB Kevin Popowicz
|
0-0: Ball 1-0: Ball 2-0: Foul Ball, location: 2F 2-1: Swinging Strike 2-2: SINGLE (Groundball, 34D, EV 110.6 MPH)
|
|
Batting: LHB Pat Fontana
|
0-0: Ball 1-0: SINGLE (Line Drive, 7LM, EV 106.9 MPH) Kevin Popowicz to second
|
|
Batting: RHB Maup Gommers
|
0-0: Ball 1-0: Ball 2-0: Fly out, F8 (Flyball, 8LD, EV 105.0 MPH)
|
|
Batting: SHB Carlos Carrillo
|
0-0: Grounds into double play, 3-6-3 (Groundball, 34, EV 77.5 MPH)
|
| Top of the 4th over - 0 runs, 2 hits, 0 errors, 1 left on base; Delmarva 0 - Lake County 0 |
| BOTTOM OF THE 4TH |
|
Lake County Captains batting - Pitching for Delmarva Shorebirds : RHP Steve Webb
|
|
Batting: RHB Josh Patterson
|
0-0: Fly out, F6 (Line Drive, 6, EV 73.1 MPH)
|
|
Batting: LHB Esteban Cordova
|
0-0: Called Strike 0-1: Ball 1-1: Foul Ball, location: 2F 1-2: Ground out 6-3 (Groundball, 6, EV 81.9 MPH)
|
|
Batting: LHB Jeff Palmowski
|
0-0: Swinging Strike 0-1: Ball 1-1: Foul Ball, location: 2F 1-2: Ball 2-2: Strikes out looking
|
| Bottom of the 4th over - 0 runs, 0 hits, 0 errors, 0 left on base; Delmarva 0 - Lake County 0 |
| TOP OF THE 5TH |
|
Delmarva Shorebirds batting - Pitching for Lake County Captains : RHP Nesty Pulido
|
|
Batting: LHB Sam Williams
|
0-0: Ball 1-0: Foul Ball, location: 2F 1-1: Ground out 4-3 (Groundball, 4, EV 85.6 MPH)
|
|
Batting: RHB Ethan Finke
|
0-0: Swinging Strike 0-1: Ball 1-1: Ball 2-1: Called Strike 2-2: Ball 3-2: Strikes out looking
|
|
Batting: LHB Vinny Rivera
|
0-0: SINGLE (Groundball, 34D, EV 101.2 MPH)
|
|
Batting: RHB Minoru Matsumoto
|
0-0: Ball Vinny Rivera steals 2nd base 1-0: Ball 2-0: Foul Ball, location: 2F 2-1: Foul Ball, location: 2F 2-2: Foul Ball, location: 2F 2-2: Ball 3-2: Fly out, F8 (Flyball, 8RM, EV 88.8 MPH)
|
| Top of the 5th over - 0 runs, 1 hit, 0 errors, 1 left on base; Delmarva 0 - Lake County 0 |
| BOTTOM OF THE 5TH |
|
Lake County Captains batting - Pitching for Delmarva Shorebirds : RHP Steve Webb
|
|
Batting: RHB Jose Valtierra
|
0-0: Foul Ball, location: 2F 0-1: SINGLE (Groundball, 56D, EV 96.9 MPH)
|
|
Batting: RHB Willie Gonzales
|
0-0: Called Strike 0-1: Foul Ball, location: 2F 0-2: Ball 1-2: Strikes out looking
|
|
Batting: RHB Patrick Pinault
|
0-0: Called Strike 0-1: Foul Ball, location: 2F 0-2: Foul Ball, location: 2F 0-2: Ball 1-2: Strikes out swinging
|
|
Batting: RHB Justin Young
|
0-0: Called Strike 0-1: Ball 1-1: Ball 2-1: Swinging Strike 2-2: Strikes out looking
|
| Bottom of the 5th over - 0 runs, 1 hit, 0 errors, 1 left on base; Delmarva 0 - Lake County 0 |
| TOP OF THE 6TH |
|
Delmarva Shorebirds batting - Pitching for Lake County Captains : RHP Nesty Pulido
|
|
Batting: RHB Carlos Teniente
|
0-0: Ball 1-0: Ball 2-0: Called Strike 2-1: Swinging Strike 2-2: Ball 3-2: Base on Balls
|
|
Batting: RHB Kevin Popowicz
|
0-0: Called Strike Carlos Teniente steals 2nd base 0-1: Ball 1-1: Foul Ball, location: 2F 1-2: Ball 2-2: Ground out 6-3 (Groundball, 6, EV 81.2 MPH)
|
|
Batting: LHB Pat Fontana
|
0-0: Foul Ball, location: 2F 0-1: Ball 1-1: Ball 2-1: Ball 3-1: Called Strike 3-2: DOUBLE (Flyball, 8LXD, EV 110.6 MPH) Carlos Teniente scores
|
|
Batting: RHB Maup Gommers
|
0-0: Called Strike 0-1: Ball 1-1: DOUBLE (Flyball, 89D, EV 103.8 MPH) Pat Fontana scores
|
|
Batting: SHB Carlos Carrillo
|
0-0: Fly out, F8 (Flyball, 8RD, EV 109.4 MPH)
|
|
Batting: LHB Sam Williams
|
0-0: Called Strike 0-1: Swinging Strike 0-2: Ground out U3 (Groundball, 3, EV 102.5 MPH)
|
| Top of the 6th over - 2 runs, 2 hits, 0 errors, 1 left on base; Delmarva 2 - Lake County 0 |
| BOTTOM OF THE 6TH |
|
Lake County Captains batting - Pitching for Delmarva Shorebirds : RHP Steve Webb
|
|
Batting: RHB Juan Ordonez
|
0-0: Bunt missed! 0-1: Foul Ball, location: 2F 0-2: Ball 1-2: Ball 2-2: Strikes out swinging
|
|
Batting: LHB Frank Hill
|
0-0: Swinging Strike 0-1: Ball 1-1: Ball 2-1: SINGLE (Line Drive, 89M, EV 97.5 MPH)
|
|
Batting: RHB Josh Patterson
|
0-0: Ball 1-0: Ball 2-0: Called Strike 2-1: DOUBLE (Groundball, 5L, EV 100.0 MPH) Frank Hill to third Runner from 3rd tries for Home, SAFE, no throw by LF
|
|
Batting: LHB Esteban Cordova
|
0-0: Ball 1-0: Ball 2-0: Called Strike 2-1: Called Strike 2-2: Ball 3-2: Foul Ball, location: 2F 3-2: Strikes out swinging
|
|
Batting: LHB Jeff Palmowski
|
0-0: Foul Ball, location: 2F 0-1: Ball 1-1: Called Strike 1-2: Ball 2-2: Ball 3-2: SINGLE (Line Drive, 6MD, EV 96.9 MPH) Josh Patterson to third Runner from 3rd tries for Home, SAFE, throw by CF to home
|
|
Pitching: LHP Fadeuka Aleev
|
|
|
Batting: RHB Jose Valtierra
|
0-0: Ball 1-0: Ground out 4-3 (Groundball, 4, EV 85.6 MPH)
|
| Bottom of the 6th over - 2 runs, 3 hits, 0 errors, 1 left on base; Delmarva 2 - Lake County 2 |
| TOP OF THE 7TH |
|
Delmarva Shorebirds batting - Pitching for Lake County Captains : RHP Nesty Pulido
|
|
Batting: RHB Ethan Finke
|
0-0: SINGLE (Groundball, 6M, EV 88.1 MPH) (infield hit)
|
|
Batting: LHB Vinny Rivera
|
0-0: Called Strike 0-1: Bunted foul 0-2: Ball Ethan Finke is caught stealing 2nd base 2-6 1-2: Strikes out looking
|
|
Batting: RHB Minoru Matsumoto
|
0-0: SINGLE (Flyball, 6D, EV 88.1 MPH)
|
|
Batting: RHB Carlos Teniente
|
0-0: Ball 1-0: SINGLE (Line Drive, 7S, EV 85.6 MPH) Minoru Matsumoto to second
|
|
Batting: RHB Kevin Popowicz
|
0-0: Foul Ball, location: 2F 0-1: Ball 1-1: Ball 2-1: Swinging Strike 2-2: Fielders Choice at 2nd, 5-4 (Groundball, 56, EV 88.8 MPH)
|
| Top of the 7th over - 0 runs, 3 hits, 0 errors, 2 left on base; Delmarva 2 - Lake County 2 |
| BOTTOM OF THE 7TH |
|
Lake County Captains batting - Pitching for Delmarva Shorebirds : LHP Fadeuka Aleev
|
|
Batting: RHB Willie Gonzales
|
0-0: Ball 1-0: Ground out 6-3 (Groundball, 6M, EV 86.2 MPH)
|
|
Batting: RHB Patrick Pinault
|
0-0: Called Strike 0-1: Ball 1-1: SINGLE (Flyball, 7LS, EV 95.0 MPH)
|
|
Batting: RHB Justin Young
|
0-0: Ball 1-0: Grounds into double play, 4-6-3 (Groundball, 4, EV 76.9 MPH)
|
| Bottom of the 7th over - 0 runs, 1 hit, 0 errors, 0 left on base; Delmarva 2 - Lake County 2 |
| TOP OF THE 8TH |
|
Delmarva Shorebirds batting - Pitching for Lake County Captains : RHP Nesty Pulido
|
|
Batting: LHB Pat Fontana
|
0-0: Called Strike 0-1: Ball 1-1: Swinging Strike 1-2: Ground out U3 (Groundball, 3, EV 105.6 MPH)
|
|
Batting: RHB Maup Gommers
|
0-0: Ball 1-0: Foul Ball, location: 2F 1-1: Called Strike 1-2: Foul Ball, location: 2F 1-2: Strikes out swinging, 2-3 out at first.
|
|
Batting: SHB Carlos Carrillo
|
0-0: Ball 1-0: Ball 2-0: Fly out, F7 (Flyball, 7, EV 88.1 MPH)
|
| Top of the 8th over - 0 runs, 0 hits, 0 errors, 0 left on base; Delmarva 2 - Lake County 2 |
| BOTTOM OF THE 8TH |
|
Lake County Captains batting - Pitching for Delmarva Shorebirds : LHP Fadeuka Aleev
|
|
Batting: RHB Juan Ordonez
|
0-0: Ground out 1-3 (Groundball, 23, EV 69.4 MPH)
|
|
Pinch Hitting: RHB Ricky Deen
|
0-0: Ball 1-0: Called Strike 1-1: Ball 2-1: Swinging Strike 2-2: Ball 3-2: Foul Ball, location: 2F 3-2: Fly out, F8 (Flyball, 8RS, EV 75.0 MPH)
|
|
Batting: RHB Josh Patterson
|
0-0: Ball 1-0: Called Strike 1-1: Swinging Strike 1-2: Strikes out swinging
|
| Bottom of the 8th over - 0 runs, 0 hits, 0 errors, 0 left on base; Delmarva 2 - Lake County 2 |
| TOP OF THE 9TH |
|
Delmarva Shorebirds batting - Pitching for Lake County Captains : RHP Nesty Pulido
|
|
Pitching: RHP Dantae Elizondo
|
|
|
Now in LF: Steve Gusman
|
|
|
Batting: LHB Sam Williams
|
0-0: Ball 1-0: Called Strike 1-1: Ball 2-1: Ball 3-1: Base on Balls
|
|
Batting: RHB Ethan Finke
|
0-0: Called Strike 0-1: Foul Ball, location: 2F 0-2: Ball 1-2: Strikes out looking
|
|
Batting: LHB Vinny Rivera
|
0-0: Ball 1-0: Ball 2-0: Called Strike 2-1: Ball 3-1: Ball Sam Williams to second
|
|
Batting: RHB Minoru Matsumoto
|
0-0: Ball 1-0: Foul Ball, location: 2F 1-1: Called Strike 1-2: Ball 2-2: Grounds into double play, 5-4-3 (Groundball, 5, EV 98.8 MPH)
|
| Top of the 9th over - 0 runs, 0 hits, 0 errors, 1 left on base; Delmarva 2 - Lake County 2 |
| BOTTOM OF THE 9TH |
|
Lake County Captains batting - Pitching for Delmarva Shorebirds : LHP Fadeuka Aleev
|
|
Batting: LHB Esteban Cordova
|
0-0: Ball 1-0: Ball 2-0: Swinging Strike 2-1: Ball 3-1: Base on Balls
|
|
Pinch Hitting: RHB Carlos Abrego
|
0-0: Called Strike 0-1: Ball 1-1: Ball 2-1: Called Strike 2-2: Ball 3-2: Base on Balls Esteban Cordova to second
|
|
Batting: RHB Jose Valtierra
|
0-0: Foul Ball, location: 2F 0-1: Foul Ball, location: 2F 0-2: Ball 1-2: Ball 2-2: Grounds into double play, 5-4-3 (Groundball, 56, EV 100.0 MPH) Esteban Cordova to third
|
|
Batting: RHB Willie Gonzales
|
0-0: Foul Ball, location: 2F 0-1: Foul Ball, location: 2F 0-2: Ball 1-2: Foul Ball, location: 2F 1-2: Foul Ball, location: 2F 1-2: Strikes out swinging
|
| Bottom of the 9th over - 0 runs, 0 hits, 0 errors, 1 left on base; Delmarva 2 - Lake County 2 |
| TOP OF THE 10TH |
|
Delmarva Shorebirds batting - Pitching for Lake County Captains : RHP Dantae Elizondo
|
|
Now in RF: Devon Grant
|
|
|
Batting: RHB Carlos Teniente
|
0-0: Called Strike 0-1: Ball 1-1: Ground out 6-3 (Groundball, P, EV 82.5 MPH)
|
|
Batting: RHB Kevin Popowicz
|
0-0: Swinging Strike 0-1: Foul Ball, location: 2F 0-2: Ball 1-2: Strikes out swinging
|
|
Batting: LHB Pat Fontana
|
0-0: Ball 1-0: Swinging Strike 1-1: Foul Ball, location: 2F 1-2: Ground out 6-3 (Groundball, 6, EV 88.1 MPH)
|
| Top of the 10th over - 0 runs, 0 hits, 0 errors, 0 left on base; Delmarva 2 - Lake County 2 |
| BOTTOM OF THE 10TH |
|
Lake County Captains batting - Pitching for Delmarva Shorebirds : LHP Fadeuka Aleev
|
|
Pitching: RHP Nick Hodge
|
|
|
Pinch Hitting: LHB Dustin Taylor
|
0-0: Called Strike 0-1: Ball 1-1: Foul Ball, location: 2F 1-2: Strikes out swinging
|
|
Batting: RHB Justin Young
|
0-0: Fly out, F6 (Popup, 15S, EV 85.6 MPH)
|
|
Pinch Hitting: RHB Danny Anderson
|
0-0: Foul Ball, location: 2F 0-1: Foul Ball, location: 2F 0-2: Foul Ball, location: 2F 0-2: Ball 1-2: Reached on error, E6 (Groundball, 6, EV 95.6 MPH)
|
|
Batting: RHB Steve Gusman
|
0-0: Ball Pickoff Throw by Catcher to First - Error! E2 Danny Anderson to second 1-0: Called Strike Passed Ball! Danny Anderson to third 1-1: Swinging Strike 1-2: Ball 2-2: Ball 3-2: Fly out, F8 (Line Drive, 8LM, EV 96.9 MPH)
|
| Bottom of the 10th over - 0 runs, 0 hits, 2 errors, 1 left on base; Delmarva 2 - Lake County 2 |
| TOP OF THE 11TH |
|
Delmarva Shorebirds batting - Pitching for Lake County Captains : RHP Dantae Elizondo
|
|
Now at 2B: Steve Gusman
|
|
|
Now in LF: Dustin Taylor
|
|
|
Now in CF: Carlos Salazar
|
|
|
Batting: RHB Maup Gommers
|
0-0: Ball 1-0: Swinging Strike 1-1: Foul Ball, location: 2F 1-2: Ball 2-2: Ball 3-2: Ground out 6-3 (Groundball, 6, EV 86.9 MPH)
|
|
Batting: SHB Carlos Carrillo
|
0-0: Ball 1-0: Ball 2-0: Ball 3-0: Base on Balls
|
|
Batting: LHB Sam Williams
|
0-0: Ball 1-0: Ball 2-0: Foul Ball, location: 2F 2-1: Foul Ball, location: 2F 2-2: Fly out, F9 (Flyball, 89S, EV 81.9 MPH)
|
|
Pitching: RHP Chris Painter
|
|
|
Batting: RHB Ethan Finke
|
0-0: SINGLE (Groundball, 5S, EV 74.4 MPH) (infield hit) Carlos Carrillo to second
|
|
Batting: LHB Vinny Rivera
|
0-0: Called Strike 0-1: Ball 1-1: Ball 2-1: Called Strike 2-2: Foul Ball, location: 2F 2-2: Ball 3-2: Fly out, F9 (Flyball, 89M, EV 95.6 MPH)
|
| Top of the 11th over - 0 runs, 1 hit, 0 errors, 2 left on base; Delmarva 2 - Lake County 2 |
| BOTTOM OF THE 11TH |
|
Lake County Captains batting - Pitching for Delmarva Shorebirds : RHP Nick Hodge
|
|
Batting: RHB Josh Patterson
|
0-0: Ball 1-0: Swinging Strike 1-1: Swinging Strike 1-2: Strikes out swinging
|
|
Batting: LHB Esteban Cordova
|
0-0: Foul Ball, location: 2F 0-1: Swinging Strike 0-2: Strikes out swinging
|
|
Batting: LHB Devon Grant
|
0-0: Called Strike 0-1: Foul Ball, location: 2F 0-2: Strikes out swinging
|
| Bottom of the 11th over - 0 runs, 0 hits, 0 errors, 0 left on base; Delmarva 2 - Lake County 2 |
| TOP OF THE 12TH |
|
Delmarva Shorebirds batting - Pitching for Lake County Captains : RHP Chris Painter
|
|
Batting: RHB Minoru Matsumoto
|
0-0: Ball 1-0: Swinging Strike 1-1: Called Strike 1-2: Strikes out looking
|
|
Batting: RHB Carlos Teniente
|
0-0: Ball 1-0: Foul Ball, location: 2F 1-1: Ball 2-1: Swinging Strike 2-2: Ground out 4-3 (Groundball, 4, EV 90.6 MPH)
|
|
Batting: RHB Kevin Popowicz
|
0-0: Ball 1-0: Ball 2-0: Called Strike 2-1: Ball 3-1: Foul Ball, location: 2F 3-2: Strikes out looking
|
| Top of the 12th over - 0 runs, 0 hits, 0 errors, 0 left on base; Delmarva 2 - Lake County 2 |
| BOTTOM OF THE 12TH |
|
Lake County Captains batting - Pitching for Delmarva Shorebirds : RHP Nick Hodge
|
|
Pitching: RHP Fabiano Ceriani
|
|
|
Batting: RHB Jose Valtierra
|
0-0: Foul Ball, location: 2F 0-1: Ground out 6-3 (Groundball, 6, EV 83.1 MPH)
|
|
Batting: RHB Willie Gonzales
|
0-0: Ball 1-0: Ball 2-0: Foul Ball, location: 2F 2-1: Foul Ball, location: 2F 2-2: SINGLE (Groundball, 34, EV 100.6 MPH)
|
|
Batting: LHB Dustin Taylor
|
0-0: Ball 1-0: Swinging Strike 1-1: Foul Ball, location: 2F 1-2: Ball 2-2: Ball 3-2: Foul Ball, location: 2F 3-2: Base on Balls Willie Gonzales to second
|
|
Batting: RHB Justin Young
|
0-0: Foul Ball, location: 2F 0-1: Ball 1-1: Ball 2-1: Swinging Strike 2-2: Strikes out swinging
|
|
Batting: RHB Carlos Salazar
|
0-0: Swinging Strike 0-1: Ball 1-1: Ball 2-1: SINGLE (Line Drive, 34D, EV 99.4 MPH) Willie Gonzales to third Dustin Taylor to second Runner from 3rd tries for Home, SAFE, throw by RF to home
|
| Bottom of the 12th over - 1 run, 2 hits, 0 errors, 2 left on base; Delmarva 2 - Lake County 3 |
|